 Seeded DCSS version 0.30.1-4-g462c640d31 (webtiles) character file.

Game seed: 18007716519941398942 (custom seed)

1535 CarvArkoylaein the Cleaver (level 8, -4/140 HPs)
             Began as a Minotaur Fighter on Sept 2, 2023.
             Was a Follower of Wu Jian.
             Engulfed by a fire crab's flame (7 damage)
             ... created by the adversity of Qazlal
             ... on level 5 of the Dungeon.
             The game lasted 00:31:57 (3963 turns).

CarvArkoylaein the Cleaver (Minotaur Fighter)       Turns: 3963, Time: 00:31:58

Health: -4/140     AC: 17    Str: 23    XL:     8   Next: 55%
Magic:  0/7        EV:  9    Int:  8    God:    Wu Jian [*.....]
Gold:   243        SH:  4    Dex: 10    Spells: 7/7 levels left

rFire   . . .        q - +2 hand axe "Plog" {drain, +Blink rCorr}
rCold   x x .        c - +0 buckler
rNeg    + . .        p - +0 chain mail
rPois   .            n - +2 hat of the Bear Spirit {Spirit, Bear, *Rage Will++}
rElec   x            (no cloak)
rCorr   +            (no gloves)
SInv    .            x - +0 pair of boots
Will    +++..        l - amulet of Kietuts {RegenMP Will+ Int+3 Stlth+} Stlth
                     o - +4 ring of protection
HPRegen 0.43/turn    y - ring of positive energy
MPRegen 0.50/turn

%: random rage (20%), guardian spirit
@: berserking, about to teleport, very quick
A: horns 2, retaliatory headbutt, [cold vulnerability 2], [electricity
vulnerability]
a: Renounce Religion, Evoke Blink


You were on level 5 of the Dungeon.
You worshipped Wu Jian.
Wu Jian was aware of your devotion.
You visited 1 branch of the dungeon, and saw 5 of its levels.

You collected 252 gold pieces.
You donated 9 gold pieces to Zin.

Inventory:

Hand Weapons
 a - a +0 war axe
 m - a +2 mace of holy wrath
 q - the +2 hand axe "Plog" (weapon) {drain, +Blink rCorr}
   (You found it on level 2 of the Dungeon)

   +Blink:    It lets you blink.
   rCorr:     It protects you from acid and corrosion.
Armour
 b - a +0 scale mail
 c - a +0 buckler (worn)
 n - the +2 hat of the Bear Spirit (worn) {Spirit, Bear, *Rage Will++}
   (You acquired it on level 1 of the Dungeon)

   Bear:      Going berserk makes the wearer exceptionally tough, and they are
   slowed for a shorter time afterward.
   *Rage:     It berserks you when you make melee attacks (+20% chance).
   Will:      It greatly increases your willpower.
 p - a +0 chain mail (worn)
 x - a +0 pair of boots (worn)
Jewellery
 f - an amulet of faith
 i - an amulet of the acrobat
 l - the amulet of Kietuts (around neck) {RegenMP Will+ Int+3 Stlth+}
   (You acquired it on level 1 of the Dungeon)

   [amulet of magic regeneration]

   It increases your rate of magic regeneration.
   Int:       It affects your intelligence (+3).
   Will:      It increases your willpower.
   Stlth:     It makes you more stealthy.
 o - a +4 ring of protection (left hand)
 u - a ring of willpower
 y - a ring of positive energy (right hand)
Wands
 t - a wand of polymorph (2)
 w - a wand of mindburst (12)
Scrolls
 e - a scroll of magic mapping
 k - 4 scrolls of amnesia
 v - a scroll of enchant armour {unknown}
 z - a scroll of blinking {unknown}
 A - 2 scrolls of torment
 B - 2 scrolls of teleportation
 C - a scroll of enchant weapon {unknown}
Potions
 d - 2 potions of might
 g - 2 potions of berserk rage {unknown}
 h - 3 potions of attraction
 j - 2 potions of heal wounds {unknown}
 r - a potion of haste {unknown}
 s - a potion of resistance {unknown}
 D - 2 potions of curing {unknown}
 E - 3 potions of degeneration {unknown}


   Skills:
 + Level 6.0 Fighting
 + Level 9.1 Axes
 + Level 1.2(5.8) Maces & Flails
 + Level 7.1 Armour
 + Level 2.4 Dodging
 + Level 0.4 Stealth
 + Level 4.6 Shields
 + Level 1.5 Evocations


You had 7 spell levels left.
You didn't know any spells.
Your spell library contained the following spells:

 Spells                   Type           Power      Damage    Failure   Level
 Apportation              Tloc           0%         N/A       95%         1
 Necrotise                Necr           0%         1d4       95%         1
 Summon Small Mammal      Summ           0%         N/A       95%         1
 Lesser Beckoning         Tloc           0%         N/A       99%         2
 Dazzling Flash           Conj/Hex       0%         N/A       100%        3
 Gell's Gravitas          Tloc           0%         N/A       100%        3
 Inner Flame              Hex/Fire       0%         N/A       100%        3
 Teleport Other           Tloc           0%         N/A       100%        3
 Flame Wave               Conj/Fire      0%         2d4       100%        4
 Sticky Flame             Conj/Fire      0%         2d3       100%        4
 Agony                    Necr           0%         N/A       100%        5
 Alistair's Intoxication  Tmut/Pois      0%         N/A       100%        5
 Borgnjor's Vile Clutch   Necr/Erth      0%         N/A       100%        5
 Silence                  Hex/Air        0%         N/A       100%        5
 Eringya's Noxious Bog    Tmut/Pois      0%         N/A       100%        6


Dungeon Overview and Level Annotations

Branches:
Dungeon (5/15)
 Temple: D:4-7

Altars:
Nemelex Xobeh
Qazlal
Ru
Wu Jian
Xom
Zin
The Shining One

Shops:
D:2 :


Innate Abilities, Weirdness & Mutations

You have a pair of horns on your head.
You reflexively headbutt those who attack you in melee.
[You are very vulnerable to cold. (rC--)]
[You are vulnerable to electric shocks.]


Message History

You hit the fire crab but do no damage.
The fire crab is lightly wounded.
You hit the earth elemental but do no damage.
You are engulfed in blazing flames.
The fire crab breathes flames at you. The blast of flame misses you.
The fire crab breathes flames at you.
The blast of flame engulfs you but does no damage.
The earth elemental hits you!!
* * * LOW HITPOINT WARNING * * *
As you read the scroll of teleportation, it crumbles to dust.
You feel strangely unstable.
You are engulfed in blazing flames.
* * * LOW HITPOINT WARNING * * *
The fire crab bites you but does no damage.
The fire crab barely misses you.
You spin and attack the fire crab.
A red film seems to cover your vision as you go berserk!
You feel yourself moving faster!
You feel mighty!
You slash the fire crab!
The fire crab is moderately wounded.
You spin and attack the fire crab.
You slash the fire crab!
The fire crab is lightly wounded.
The fire crab bites you but does no damage.
You block the fire crab's attack.
The fire crab bites you but does no damage.
The fire crab claws you but does no damage.
You spin and attack the fire crab.
You hit the fire crab.
The fire crab is lightly wounded.
The fire crab breathes flames at you. The blast of flame engulfs you.
* * * LOW HITPOINT WARNING * * *
The fire crab bites you but does no damage.
The fire crab claws you.
* * * LOW HITPOINT WARNING * * *
You are engulfed in flames!
* * * LOW HITPOINT WARNING * * *
You hit the fire crab. You drain the fire crab.
Your headbutt misses the fire crab.
The fire crab is moderately wounded.
You are engulfed in blazing flames.
You die...

..# ###.##...........#
.## ##.............(..#
## ###..........(......#
##.....####..........#
###.....#####..........#
.................#######
....#........○.tE#
.#...........○○t°#
...#.##.......○○@#
.#...##.......○○○#
#######.###.####○#
.PPP^##.# #.# #.####
PPP.P#..# #.# #....#
P._..#.## #.# ####.#
^P...### #.# #.##


PP^PP# #.# #..# ###### #.# ##.# You could see 2 fire crabs and an earth
elemental.

Vanquished Creatures
  Grinder (D:5)
  2 ogres (D:5)
  A centaur (D:5)
  3 phantoms (D:5)
  Blork the orc (D:4)
  A bullfrog (D:5)
  2 scorpions
  4 wights (D:5)
  A jelly (D:5)
  2 gnoll boudas (D:5)
  A hound (D:5)
  A sleepcap (D:4)
  2 iguanas (D:5)
  Ijyb (D:5)
  10 gnolls
  An adder (D:2)
  A shadow imp (D:5)
  A white imp (D:5)
  3 worms (D:2)
  3 dart slugs
  3 orcs
  9 endoplasms
  4 giant cockroaches
  7 goblins
  2 hobgoblins (D:1)
  6 jackals
  3 quokkas
  7 ball pythons
  2 bats (D:2)
  2 frilled lizards
  9 kobolds
  3 rats
  2 butterflies (D:3)
101 creatures vanquished.

Notes
Turn   | Place    | Note
-------+----------+-------------------------------------------
     0 | D:1      | CarvArkoylaein the Minotaur Fighter began the quest for the
                  | Orb.
     0 | D:1      | Reached XP level 1. HP: 19/19 MP: 0/0
   105 | D:1      | Found a faded altar of an unknown god.
   105 | D:1      | Noticed a neqoxec
   160 | D:1      | Reached XP level 2. HP: 27/27 MP: 1/1
   558 | D:1      | Identified 3 scrolls of acquirement
   558 | D:1      | Acquired a +2 mace of holy wrath
   561 | D:1      | Acquired the +2 hat of the Bear Spirit {Spirit, Bear, *Rage
                  | Will++}
   561 | D:1      | Found the +2 hat of the Bear Spirit {Spirit, Bear, *Rage
                  | Will++}
   568 | D:1      | Acquired the amulet of Kietuts {RegenMP Will+ Int+3 Stlth+}
   639 | D:1      | You fall into a shaft and drop 1 floor!
   680 | D:2      | Reached XP level 3. HP: 33/33 MP: 2/2
   687 | D:2      | Reached skill level 3 in Axes
   719 | D:2      | Found Lemucar's Book Boutique.
   748 | D:2      | Identified the +2 hand axe "Plog" {drain, +Blink rCorr}
  1139 | D:2      | Reached XP level 4. HP: 40/41 MP: 3/3
  1307 | D:3      | Found a glowing silver altar of Zin.
  1330 | D:3      | Became a worshipper of Zin the Law-Giver
  1346 | D:3      | Found a stormy altar of Qazlal.
  1356 | D:3      | Fell from the grace of Zin
  1356 | D:3      | Became a worshipper of Qazlal Stormbringer
  1383 | D:3      | Found a glowing golden altar of the Shining One.
  1834 | D:3      | Found a shimmering altar of Xom.
  2199 | D:4      | Noticed Blork the orc
  2227 | D:4      | Noticed a scorpion
  2238 | D:4      | Killed a scorpion
  2239 | D:4      | Reached skill level 4 in Axes
  2239 | D:4      | Reached XP level 5. HP: 38/47 MP: 4/4
  2246 | D:4      | Killed Blork the orc
  2356 | D:4      | Reached skill level 5 in Armour
  2379 | D:4      | Found an ornate altar of the Wu Jian Council.
  2387 | D:4      | Fell from the grace of Qazlal
  2387 | D:4      | Became a worshipper of the Wu Jian Council
  2568 | D:4      | Reached XP level 6. HP: 55/55 MP: 5/5
  2705 | D:4      | Found a sparkling altar of Nemelex Xobeh.
  2828 | D:5      | Entered Level 5 of the Dungeon
  2838 | D:5      | Reached skill level 5 in Axes
  2838 | D:5      | Reached skill level 1 in Maces & Flails
  2838 | D:5      | Reached skill level 1 in Evocations
  2847 | D:5      | Reached skill level 5 in Fighting
  2847 | D:5      | Reached skill level 1 in Dodging
  2876 | D:5      | Reached skill level 6 in Axes
  2876 | D:5      | Reached XP level 7. HP: 55/61 MP: 6/6
  2914 | D:5      | Noticed Grinder
  2932 | D:5      | Killed Grinder
  2935 | D:5      | Reached skill level 7 in Axes
  2990 | D:5      | Reached skill level 8 in Axes
  2990 | D:5      | Reached XP level 8. HP: 69/69 MP: 7/7
  2999 | D:5      | Noticed Ijyb
  3015 | D:5      | Killed Ijyb
  3540 | D:5      | Reached * piety under Wu Jian
  3600 | D:5      | Reached skill level 9 in Axes
  3734 | D:5      | Found a sacrificial altar of Ru.
  3955 | D:5      | Noticed a fire crab
  3955 | D:5      | Noticed a fire crab
  3962 | D:5      | HP: 3/140 [fire crab[the adversity of Qazlal] (8)]
  3963 | D:5      | Engulfed by a fire crab's flame

Illustrated notes

Levels and vault maps discovered:
D:1:      psy_arrival_dodecagon, layout_basic,
          dreamdust_ecumenical_altar_sealed_demon
D:2:      layout_loops_cross, serial_shops, shop, minmay_misc_feat_cross,
          glass_columns_c, minmay_ruptured
D:3:      layout_basic, xom_butterflies, nicolae_qazlal_scattered_showers,
          nicolae_overflow_crystal_walls, tso_oasis_becter
D:4:      layout_cave_pools, kennysheep_mini, nicolae_wu_jian_wuxing_cycle,
          serial_column_ruins, column_ruins_circle_small, column_ruins_grid_3,
          column_ruins_open_large, column_ruins_grid_1, column_ruins_grid_1,
          column_ruins_open_tiny, chequers_hall_statues_wall_a,
          chequers_serial_rivers_micro_c, uniq_blork_the_orc
D:5:      minmay_evil_eye, layout_rooms, nicolae_ru_the_path_less_chosen,
          uniq_ijyb, uniq_grinder

Skill      XL: |  1  2  3  4  5  6  7  8 |
---------------+-------------------------+-----
Shields        | 4 |  4.6
Armour         | 4 5 6 7 |  7.1
Fighting       | 4 5 6 |  6.0
Axes           | 3 4 6 8 9 |  9.1
Maces & Flails | 1 |  1.2
Evocations     | 1 |  1.5
Dodging        | 1 2 |  2.4
Stealth        | |  0.4

Action                     |  1- 3 |  4- 6 |  7- 9 || total
---------------------------+-------+-------+-------++-------
  Melee: War axe           |    36 |       |       ||    36
         Headbutt          |    12 |    10 |    16 ||    38
         Mace              |    16 |     6 |       ||    22
         Hand axe          |    21 |    61 |   118 ||   200
Ability: Evoke Blink       |       |     3 |       ||     3
         Lunge             |       |     2 |     8 ||    10
         Whirlwind         |       |       |     3 ||     3
    Use: Scroll            |     5 |     1 |     6 ||    12
 Armour: Scale mail        |    35 |    18 |    30 ||    83
         Chain mail        |       |       |    22 ||    22
  Dodge: Dodged            |    34 |    21 |    46 ||   101
  Block: Buckler           |    13 |    13 |    21 ||    47
